 Dungeon Crawl Stone Soup version 0.22-a0-605-g9281fa2407 (webtiles) character file.

517 Oakleaf the Chopper (level 7, -20/61 HPs)
             Began as a Minotaur Berserker on July 8, 2018.
             Was a Priest of Trog.
             Demolished by an ogre
             ... wielding a +0 giant spiked club
              (29 damage)
             ... on level 4 of the Dungeon.
             The game lasted 00:09:25 (3172 turns).

Oakleaf the Chopper (Minotaur Berserker)            Turns: 3172, Time: 00:09:25

Health: -20/61     AC:  8    Str: 21    XL:     7   Next: 0%
Magic:  6/6        EV:  8    Int:  4    God:    Trog [***...]
Gold:   150        SH:  0    Dex: 12    Spells: 6/6 levels left

rFire    . . .     SeeInvis .   w - +0 war axe
rCold    . . .     Gourm    .   (no shield)
rNeg     . . .     Faith    .   e - -1 chain mail (curse)
rPois    .         Spirit   .   (helmet restricted)
rElec    .         Reflect  .   (no cloak)
rCorr    .         Harm     .   (no gloves)
MR       .....                  (no boots)
Stlth    ..........             (no amulet)
HPRegen  0.20/turn              (no ring)
MPRegen  0.10/turn              (no ring)

@: berserk cooldown, slowed, very slow
A: retaliatory headbutt, horns 2
a: Berserk, Trog's Hand, Renounce Religion


You were on level 4 of the Dungeon.
You worshipped Trog.
Trog was most pleased with you.
You were very hungry.

You visited 1 branch of the dungeon, and saw 4 of its levels.

You collected 150 gold pieces.

Inventory:

Hand Weapons
 a - a +0 hand axe
 w - a +0 war axe (weapon)
Armour
 b - a +0 animal skin
 e - a cursed -1 chain mail (worn)
 k - a +0 ring mail
 m - a +0 pair of boots
 y - a +0 leather armour of cold resistance
Jewellery
 i - a cursed ring of wizardry {unknown}
 o - an uncursed ring of see invisible {unknown}
Wands
 g - a wand of iceblast (5)
 r - a wand of disintegration (8)
Scrolls
 d - 2 scrolls of fog
 h - 4 scrolls of identify {unknown}
 n - a scroll of remove curse {unknown}
 p - a scroll of enchant weapon {unknown}
 t - a scroll of amnesia {unknown}
 u - a scroll of enchant armour {unknown}
 x - a scroll of teleportation {unknown}
Potions
 f - a potion of invisibility {unknown}
 j - a potion of brilliance {unknown}
 l - a potion of flight {unknown}
 q - 3 potions of curing {unknown}
 v - a potion of lignification {unknown}
Comestibles
 c - 6 rations


   Skills:
 + Level 5.4 Fighting
 + Level 7.7 Axes
 + Level 4.4 Armour
 - Level 2.1 Dodging
 + Level 0.5 Stealth


You had 6 spell levels left.
You didn't know any spells.
Your spell library was empty.

Dungeon Overview and Level Annotations

Branches:
Dungeon (4/15)
 Temple: D:4-7

Altars:
Dithmenos
Nemelex Xobeh
Okawaru
Qazlal
Vehumet


Innate Abilities, Weirdness & Mutations

You reflexively headbutt those who attack you in melee.
You have a pair of horns on your head.


Message History

Found 20 stones.
A red film seems to cover your vision as you go berserk!
You feel yourself moving faster!
You feel mighty!
You are feeling very hungry.
You feel a strong urge to attack something.
You feel your anger nearly subside.
You are no longer berserk.
You are exhausted.
You feel yourself slow down.
The ogre hits you with a giant spiked club!!
You hit the ogre.
The ogre is lightly wounded.
The ogre closely misses you. You furiously retaliate!
You headbutt the ogre! You slash the ogre! You headbutt the ogre.
The ogre is severely wounded.
The ogre hits you with a giant spiked club!!
* * * LOW HITPOINT WARNING * * *
You slash the ogre!
The ogre is almost dead.
The ogre hits you with a giant spiked club!!
You die...

## #####.### #....(... .
##......... .. #........... ...
.# #.O......... ......
...###.@......... ........
.................
...............................#
............###................#
........... ###..............#
.........# ##............###
........# #............#..
........# #### #..........##...
.......# ##..## #.........#.....


You could see an ogre.

Vanquished Creatures
  Duvessa (D:4)
  Dowan (D:4)
  2 hounds
  3 orc priests
  2 orc wizards (D:2)
  A hound skeleton (D:4)
  6 adders
  An adder skeleton (D:4)
  2 worms
  3 dart slugs
  4 leopard geckos
  8 orcs
  A ball python (D:3)
  9 bats
  4 giant cockroaches
  10 goblins
  7 hobgoblins
  4 kobolds
  2 quokkas
  5 frilled lizards
  8 rats
84 creatures vanquished.

Notes
Turn   | Place    | Note
-------+----------+-------------------------------------------
     0 | D:1      | Oakleaf the Minotaur Berserker began the quest for the Orb.
     0 | D:1      | Reached XP level 1. HP: 19/19 MP: 0/0
   221 | D:1      | Reached XP level 2. HP: 27/27 MP: 1/1
   223 | D:1      | Reached skill level 4 in Axes
   433 | D:1      | Found a sparkling altar of Nemelex Xobeh.
   766 | D:2      | Reached XP level 3. HP: 33/33 MP: 2/2
   774 | D:2      | Reached ** piety under Trog
   960 | D:2      | Found a stormy altar of Qazlal.
  1157 | D:2      | Reached XP level 4. HP: 41/41 MP: 3/3
  1178 | D:2      | Reached skill level 5 in Axes
  1241 | D:2      | Reached XP level 5. HP: 47/47 MP: 4/4
  1252 | D:2      | Reached skill level 6 in Axes
  1534 | D:3      | Found an iron altar of Okawaru.
  1579 | D:3      | Found a radiant altar of Vehumet.
  1580 | D:3      | Found a shadowy altar of Dithmenos.
  1963 | D:3      | Reached *** piety under Trog
  2237 | D:3      | Reached XP level 6. HP: 48/55 MP: 5/5
  2399 | D:4      | Reached skill level 5 in Fighting
  2500 | D:4      | Reached skill level 7 in Axes
  2670 | D:4      | Noticed Dowan
  2671 | D:4      | Noticed Duvessa
  2677 | D:4      | Killed Dowan
  2678 | D:4      | Killed Duvessa
  3120 | D:4      | Reached XP level 7. HP: 60/61 MP: 6/6
  3172 | D:4      | Demolished by an ogre

Vault maps used:
D:1:      shiori_shiawase, hex_large, nemelex_diamond_rough_becter
D:2:      cheibrodos_pilgrimage, first_ration, st_stairs_12,
          grunt_qazlal_sundering
D:3:      minitemple, okawaru_trees_1
D:4:      cheibrodos_helix_gallery, uniq_duvessa

Skill      XL: |  1  2  3  4  5  6 |
---------------+-------------------+-----
Axes           | 4 5 6 7 |  7.7
Fighting       | 4 5 |  5.4
Armour         | 3 4 |  4.4
Dodging        | |  2.1
Stealth        | |  0.5

Action                   |  1- 3 |  4- 6 |  7- 9 || total
-------------------------+-------+-------+-------++-------
Melee: Hand axe          |    82 |    95 |       ||   177
       Headbutt          |     8 |    19 |     1 ||    28
       War axe           |       |    28 |     3 ||    31
Invok: Berserk           |     1 |     5 |     1 ||     7
       Trog's Hand       |       |     1 |       ||     1
  Use: Scroll            |     1 |     1 |       ||     2
  Eat: Chunk             |     2 |     7 |       ||     9
       Ration            |       |     1 |       ||     1
Armor: Chain mail        |    51 |    68 |       ||   119
Dodge: Dodged            |    39 |    50 |     1 ||    90

Table legend:
 A = Spawn XP
 B = Non-spawn XP
 C = Spawn XP percentage of total XP
 D = Spawn monster count
 E = Non-spawn monster count
 F = Spawn count percentage of total count
 G = Total turns spent on level
                    A         B        C        D         E        F      G
               +---------+---------+-------+---------+---------+-------+---------
         Total |       0 |     739 |   0.0 |       0 |      84 |   0.0 |  3172
               +---------+---------+-------+---------+---------+-------+---------
           D:1 |       0 |      39 |   0.0 |       0 |      22 |   0.0 |   733
           D:2 |       0 |     220 |   0.0 |       0 |      24 |   0.0 |   755
           D:3 |       0 |     123 |   0.0 |       0 |      22 |   0.0 |   909
           D:4 |       0 |     357 |   0.0 |       0 |      16 |   0.0 |   775
               +---------+---------+-------+---------+---------+-------+---------
